AoeStats
← xXx_69_xXx

Arabia

506255542Analyzed
1v1 RM · 19d ago on Sep 12, 2026· 40m 15s· 2 players
Game mode
Random Map
Map size
Tiny (2 player)
Population
200
Speed
Normal
Resources
Standard
Victory
Conquest
Starting age
Dark Age
Ending age
Imperial Age
RankedLock teamsTeams togetherTeam positionsShared explorationLock speedFull tech treeHidden civsTurbo modeCheats
Victory
Defeat
🇲🇽 Inca · Mexico
1836
+15
🇲🇽 Wu · Mexico
1811
-15
xXx_69_xXx
11:04 Loom
12:59 Feudal Age
19:32 Castle Age
17:32 Horse Collar
17:48 Double-Bit Axe
18:41 Scale Mail Armor
19:18 Gold Mining
19:47 Town Watch
21:03 Squires
21:28 Arson
27:28 Bow Saw
27:18 Heavy Plow
29:36 Wheelbarrow
30:00 Gold Shaft Mining
29:24 Fletching
29:34 Crossbowman
30:44 Bodkin Arrow
36:02 Hand Cart
42:47 Imperial Age
__Chino
6:13 Loom
8:54 Feudal Age
9:26 Double-Bit Axe
16:22 Fletching
21:02 Castle Age
21:08 Crossbowman
21:44 Bodkin Arrow
22:01 Bow Saw
26:52 Redemption
31:43 Sanctity
32:02 Ballistics
32:57 Wheelbarrow
38:35 Imperial Age
36:57 Guard Tower
38:03 Thumb Ring
38:52 Squires
38:55 Horse Collar
39:33 Bracer
38:57 Arbalester
39:54 Heavy Plow
40:00 Scale Mail Armor
40:14 Padded Archer Armor
Connection lost

Rejoining the realm…

Still unreachable

The connection could not be restored.

Session expired

The server has moved on; the page needs a fresh start.